 Dungeon Crawl Stone Soup version 0.28-a0-1347-g113dc556a4 (webtiles) character file.

Game seed: 4812781926611805105

32 oldriver the Caller (level 3, 16/16 HPs)
             Began as a Felid Summoner on Dec 29, 2021.
             Quit the game on level 3 of the Dungeon.
             The game lasted 00:05:50 (4098 turns).

oldriver the Caller (Felid Summoner)                Turns: 4098, Time: 00:05:52

Health: 16/16      AC:  1    Str:  4    XL:     3   Next: 10%
Magic:  8/8        EV: 17    Int: 18    God:
Gold:   166        SH:  0    Dex: 16    Spells: 1/7 levels left
                                        Lives:  0   Deaths: 1

rFire   . . .      SeeInvis +   (weapon unavailable)
rCold   . . .      Faith    .   (shield unavailable)
rNeg    . . .      Spirit   .   (armour unavailable)
rPois   .          Reflect  .   (helmet unavailable)
rElec   .          Harm     .   (cloak unavailable)
rCorr   .          Rampage  .   (gloves unavailable)
Will    .....                   (boots unavailable)
Stlth   ++........              (no amulet)
HPRegen 0.05/turn               (no ring)
MPRegen 0.11/turn               (no ring)

@: quick
A: very small, claws 1, fangs 3, see invisible, speed 1, shaggy fur 1, stealthy
paws, no weapons or thrown items, no armour, multi-lived
a: no special abilities


You were on level 3 of the Dungeon.
You visited 1 branch of the dungeon, and saw 3 of its levels.

You collected 166 gold pieces.

Inventory:

Scrolls
 b - a scroll of silence {unknown}
 c - 6 scrolls of identify {unknown}
 e - a scroll of fear {unknown}
 f - a scroll of vulnerability {unknown}
Potions
 a - a potion of heal wounds {unknown}
 d - 2 potions of lignification {unknown}


   Skills:
 + Level 2.0 Fighting
 - Level 2.6 Dodging
 - Level 2.6 Stealth
 + Level 2.8 Spellcasting
 + Level 4.6 Summonings


You had one spell level left.
You knew the following spells:

 Your Spells              Type           Power      Damage    Failure   Level
a - Summon Small Mammal   Summ           76%        N/A       2%          1
b - Call Imp              Summ           19%        N/A       3%          2
c - Call Canine Familiar  Summ           19%        N/A       8%          3

Your spell library contained the following spells:

 Spells                   Type           Power      Damage    Failure   Level
 Summon Guardian Golem    Hex/Summ       10%        N/A       19%         3
 Summon Lightning Spire   Summ/Air       10%        N/A       54%         4


Dungeon Overview and Level Annotations

Branches:
Dungeon (3/15)

Altars:

Annotations:
D:3 Ijyb


Innate Abilities, Weirdness & Mutations

You have sharp claws.
You have razor-sharp teeth.
You have supernaturally acute eyesight. (SInv)
You cover ground quickly. (Speed+)
You are covered in fur. (AC +1)
Your paws help you pounce on unaware monsters.
You are incapable of wielding weapons or throwing items.
You cannot wear armour.
You gain extra lives every three experience levels.


Message History

Aim: Ijyb, wielding a +0 club, wearing a +0 leather armour and carrying a wand of acid (14) (ally target) Attack!
Your hound bites Ijyb.
Ijyb misses your hound.
Your crimson imp blinks!
Your hound barely misses Ijyb.
What are your orders? t - Meow!
Orders for allies: a - Attack new target. p - Attack previous target. r - Retreat! s - Stop attacking. g - Guard the area. f - Follow me.
Anything else - Cancel.
Gang up on whom?
Press: ? - help, Dir - move target, f/p - Ijyb
Aim: Ijyb, wielding a +0 club, wearing a +0 leather armour and carrying a wand of acid (14) (lightly wounded, ally target) Attack!
Ijyb screams, "Level is mine!
All mine!"
Ijyb barely misses your hound.
Your hound barely misses Ijyb.
Your hound barely misses Ijyb.
Ijyb completely misses your hound.
Your hound bites Ijyb.
Ijyb zaps a wand.
The bolt of acid hits your hound!! The acid corrodes your hound!
Your hound dies!
Your hound's corpse disappears in a puff of smoke!
The bolt of acid misses you.
Casting: Call Canine Familiar (extremely dangerous; 8% risk of failure)
Confirm with . or Enter, or press ? or * to list all spells.
The spell is extremely dangerous to miscast (8% risk of failure)!
Continue anyway?
Your crimson imp hits the goblin.
The goblin dies!
An endoplasm comes into view.
Ijyb zaps a wand.
The bolt of acid hits your hound!! The acid corrodes your hound!
Your hound dies!
Your hound's corpse disappears in a puff of smoke!
The bolt of acid hits you!!
Ouch! That really hurt!
You die...
The acid corrodes you!
You are now level 3!
You rejoin the land of the living...
Are you sure you want to abandon this character and quit the game? (Confirm with "yes".)

#. ...# ##.. #. .. ##..
... #.### ... ###....
.... ....... ..:....
.#.. ....... .....
..... ....... .....
.......####.....
.......@........
.#############5#
#.........5.#.#
#.####.####.#g#
#.#.5..#.#
#.#.####§####.#
#.#....†....J.#
#########.#############
..................


You could see a friendly crimson imp (summoned).

Vanquished Creatures
  2 endoplasms (D:2)
  A giant cockroach (D:2)
  A quokka (D:2)
  5 bats
  3 rats
12 creatures vanquished.

Vanquished Creatures (collateral kills)
  An adder (D:2)
  3 dart slugs
  3 orcs
  2 bats (D:2)
  4 endoplasms
  2 goblins
  2 hobgoblins (D:2)
  6 jackals
  10 kobolds
  6 ball pythons
  A frilled lizard (D:2)
  3 rats (D:1)
43 creatures vanquished.

Vanquished Creatures (others)
  3 fungi (D:3)
  5 plants (D:3)
8 creatures vanquished.

Grand Total: 63 creatures vanquished

Notes
Turn   | Place    | Note
-------+----------+-------------------------------------------
     0 | D:1      | oldriver the Felid Summoner began the quest for the Orb.
     0 | D:1      | Reached XP level 1. HP: 7/7 MP: 4/4
   821 | D:1      | Reached XP level 2. HP: 12/12 MP: 3/6
  1236 | D:1      | Reached skill level 1 in Fighting
  1436 | D:1      | Learned a level 2 spell: Call Imp
  1803 | D:1      | Reached XP level 3. HP: 10/15 MP: 3/7
  3719 | D:2      | Learned a level 3 spell: Call Canine Familiar
  3801 | D:2      | Reached XP level 4. HP: 14/19 MP: 1/9
  4084 | D:3      | Noticed Ijyb
  4097 | D:3      | Killed from afar by Ijyb
  4098 | D:3      | Reached XP level 3. HP: -9/16 MP: 2/8
  4098 | D:3      | Quit the game

Illustrated notes

Levels and vault maps discovered:
D:1:      minmay_arrival_shattered_statue, layout_basic
D:2:      layout_basic
D:3:      layout_rooms, shapermc_ecumenical_altar_mp_ritualfount,
          roderic_lattice_a, uniq_ijyb

Skill      XL: |  1  2  3  4 |
---------------+-------------+-----
Fighting       | 1 2 |  2.0
Dodging        | |  2.6
Stealth        | |  2.6
Spellcasting   | |  2.8
Summonings     | |  4.6

Action                   |  1- 3 |  4- 6 || total
-------------------------+-------+-------++-------
Melee: Unarmed           |    57 |       ||    57
       Bite              |     3 |       ||     3
 Cast: Summon Small Mamm |    66 |     4 ||    70
       Call Imp          |    31 |     4 ||    35
       Call Canine Famil |       |     2 ||     2
 Stab: Sleeping          |     4 |       ||     4
Armor: Skin              |     6 |       ||     6
Dodge: Dodged            |    68 |     7 ||    75

Table legend: (Time is in decaauts)
 A = Elapsed time spent in this place.
 B = Non-inter-level travel time spent in this place.
 C = Inter-level travel time spent in this place.
 D = Time resting spent in this place.
 E = Time spent auto-exploring this place.
 F = Levels seen in this place.
 G = Mean time per level.
                   A        B        C        D        E       F      G
               +--------+--------+--------+--------+--------+-----+--------+
         Total |   3731 |   3633 |     98 |    445 |   2508 |   3 | 1243.7 |
       Dungeon |   3731 |   3633 |     98 |    445 |   2508 |   3 | 1243.7 |
               +--------+--------+--------+--------+--------+-----+--------+

Top non-repeatable levels by time:
     D:1: 1918 daAuts
     D:2: 1686 daAuts
     D:3: 125 daAuts
